 Dungeon Crawl Stone Soup version 0.31-a0-728-g01b46875f1 (webtiles) character file.

Game seed: 10221931673179389054

473 jlumianski the Chiller (level 6, -6/47 HPs)
             Began as a Demigod Ice Elementalist on Sept 11, 2023.
             Mangled by a wyvern zombie (8 damage)
             ... in an ossuary.
             The game lasted 00:27:45 (2584 turns).

jlumianski the Chiller (Demigod Ice Elementalist)   Turns: 2584, Time: 00:27:45

Health: -6/47      AC:  3    Str:  9    XL:     6   Next: 53%
Magic:  5/15       EV: 12    Int: 25    God:
Gold:   233        SH:  0    Dex: 14    Spells: 6/13 levels left

rFire   . . .        s - staff of cold
rCold   + . .        (no shield)
rNeg    . . .        a - +0 robe
rPois   .            (no helmet)
rElec   .            (no cloak)
rCorr   .            (no gloves)
SInv    .            c - +0 pair of boots
Will    .....        d - amulet of regeneration
Stlth   ++           (no ring)
HPRegen 1.07/turn    (no ring)
MPRegen 0.14/turn

%: no passive effects
@: mighty, slowed, very slow
A: high MP 1, forlorn, divine attributes
a: no special abilities


You were in an ossuary.
You visited 1 branch of the dungeon, and saw 4 of its levels.
You also visited: Ossuary.

You collected 233 gold pieces.

Inventory:

Hand Weapons
 f - a +0 dagger
 h - a +0 short sword
 o - a +0 dagger
 x - a +2 dagger of venom
Missiles
 i - 2 poisoned darts
 u - 22 stones
Armour
 a - a +0 robe (worn)
 c - a +0 pair of boots (worn)
Magical Staves
 s - a staff of cold (weapon)
Jewellery
 d - an amulet of regeneration (around neck)
 g - an amulet of the acrobat
 w - an amulet of guardian spirit
Talismans
 k - a maw talisman
Scrolls
 r - a scroll of amnesia
 t - a scroll of poison {unknown}
 v - a scroll of immolation {unknown}
Potions
 e - a potion of might
 j - 2 potions of heal wounds {unknown}
 l - a potion of attraction {unknown}
 p - a potion of resistance
 q - 2 potions of ambrosia {unknown}


   Skills:
 + Level 1.1 Fighting
 + Level 0.3 Short Blades
 + Level 0.1 Staves
 + Level 2.8 Dodging
 + Level 2.3 Stealth
 + Level 4.0 Spellcasting
 + Level 5.3 Ice Magic
 - Level 0.9 Shapeshifting


You had 6 spell levels left.
You knew the following spells:

 Your Spells              Type           Power      Damage    Failure   Level
a - Freeze                Ice            100%       1d10      1%          1
b - Frozen Ramparts       Ice            94%        1d15      3%          3
c - Ozocubu's Armour      Ice            47%        N/A       3%          3

Your spell library contained the following spells:

 Spells                   Type           Power      Damage    Failure   Level
 Apportation              Tloc           10%        N/A       9%          1
 Necrotise                Necr           20%        1d5       9%          1
 Summon Small Mammal      Summ           20%        N/A       9%          1
 Call Canine Familiar     Summ           5%         N/A       26%         3
 Sigil of Binding         Hex            5%         N/A       26%         3
 Summon Ice Beast         Ice/Summ       27%        N/A       30%         4
 Dimensional Bullseye     Hex/Tloc       2%         N/A       65%         4
 Leda's Liquefaction      Hex/Erth       2%         N/A       65%         4


Dungeon Overview and Level Annotations

Branches:
Dungeon (4/15)            Ossuary (1/1)
 Temple: D:4-7


Innate Abilities, Weirdness & Mutations

You have an increased reservoir of magic. (+10% MP)
You shall have no god before yourself.
Your divine heritage dramatically boosts your attributes as you level up.


Message History

Okay, then.
Unknown command.
Okay, then.
Unknown command.
Unknown command.
Blink to where?
Press: ? - help, Dir - move target Your icy armour cracks and falls away as you move.
The frozen ramparts melt away as you move.
As you read the scroll of blinking, it crumbles to dust.
You enter the shallow water.
Moving in this stuff is going to be slow.
A bog mummy comes into view.
The bog mummy gestures at you while chanting.
You resist with some effort. The wyvern zombie bites you!
* * * LOW HITPOINT WARNING * * *
The bog mummy casts a spell at you.
You feel yourself slow down.
Unknown command.
The wyvern zombie attacks as it pursues you!
The wyvern zombie barely misses you.
The wyvern zombie bites you but does no damage.
The wyvern zombie bites you!
* * * LOW HITPOINT WARNING * * *
The centaur zombie hits you.
* * * LOW HITPOINT WARNING * * *
The centaur zombie closely misses you.
You feel better. The wyvern zombie bites you!
* * * LOW HITPOINT WARNING * * *
The centaur zombie closely misses you. The centaur zombie barely misses you.
The wyvern zombie bites you.
* * * LOW HITPOINT WARNING * * *
The centaur zombie hits you but does no damage.
The centaur zombie closely misses you. The bog mummy misses you.
It was a potion of might.
You feel very mighty all of a sudden. The wyvern zombie closely misses you.
The centaur zombie misses you. The centaur zombie closely misses you.
The wyvern zombie bites you!
You die...

#≈≈###≈#≈###
#≈≈#P~.≈.#.#
#≈≈#~~.#'#~~.#+#.
#≈≈~...~§~~~.M.Z.
#≈≈###~##~##+##+#
≈ #.'~#...#
###Z#.∩.#
#.ZZ#..∩#
#≈#M@#####
≈≈≈≈~..~~~~~..~
#≈≈##~~~#####+#
≈≈ #~..~# ≈
#~#~~# ##..~#
##~# .~.


You could see a bog mummy, a water moccasin zombie, a wyvern zombie and a
centaur zombie.

Vanquished Creatures
  2 water moccasin zombies (Ossuary)
  A bullfrog zombie (Ossuary)
  A centaur zombie (Ossuary)
  A gnoll bouda (D:4)
  4 mummies (Ossuary)
  An orc wizard (D:2)
  A killer bee zombie (Ossuary)
  A howler monkey zombie (Ossuary)
  5 gnolls (D:4)
  2 adders
  A river rat (D:3)
  2 worms
  2 orcs
  9 ball pythons
  4 bats
  An endoplasm (D:2)
  2 giant cockroaches
  3 goblins (D:1)
  5 hobgoblins
  2 jackals (D:1)
  9 kobolds
  2 quokkas
  A frilled lizard (D:1)
  A hobgoblin zombie (D:4)
  9 rats
72 creatures vanquished.

Notes
Turn   | Place    | Note
-------+----------+-------------------------------------------
     0 | D:1      | jlumianski the Demigod Ice Elementalist began the quest for
                  | the Orb.
     0 | D:1      | Reached XP level 1. HP: 14/14 MP: 5/5
   407 | D:2      | Reached skill level 4 in Ice Magic
   407 | D:2      | Reached XP level 2. HP: 20/20 MP: 7/7
   651 | D:2      | Reached XP level 3. HP: 26/26 MP: 5/8
   655 | D:2      | Learned a level 3 spell: Frozen Ramparts
  1412 | D:1      | Reached XP level 4. HP: 33/33 MP: 3/10
  1654 | D:2      | Learned a level 3 spell: Ozocubu's Armour
  2173 | D:4      | Reached XP level 5. HP: 39/39 MP: 4/12
  2276 | D:4      | Found a sand-covered staircase.
  2296 | Ossuary  | Entered an ossuary
  2346 | Ossuary  | Reached skill level 5 in Ice Magic
  2365 | Ossuary  | Reached XP level 6. HP: 23/46 MP: 2/14
  2566 | Ossuary  | Reached skill level 1 in Fighting
  2583 | Ossuary  | HP: 1/47 [wyvern zombie (2)]
  2584 | Ossuary  | Mangled by a wyvern zombie

Illustrated notes

Levels and vault maps discovered:
D:1:      orjb1_lava_funnel, layout_loops_ring, kennysheep_flooded_box,
          minmay_misc_feat_secret_circle
D:2:      layout_basic, minmay_tromino_v2
D:3:      layout_loops_ring, cheibrodos_sewer_entry_sluice,
          shapermc_ecumenical_altar_mp_highgroup
D:4:      layout_loops_ring, amcnicky_altar_gilded, enter_ossuary_3,
          serial_shops, shop, hangedman_decor_points
Ossuary:  ossuary_zaba_flooded

Skill      XL: |  1  2  3  4  5  6 |
---------------+-------------------+-----
Ice Magic      | 4 5 |  5.3
Dodging        | 2 |  2.8
Spellcasting   | 2 3 4 |  4.0
Stealth        | 2 |  2.3
Fighting       | 1 |  1.1
Short Blades   | |  0.3
Staves         | |  0.1
Shapeshifting  | |  0.9

Action                     |  1- 3 |  4- 6 || total
---------------------------+-------+-------++-------
  Melee: Short sword       |    53 |     6 ||    59
         Dagger            |     2 |    17 ||    19
         Unarmed           |     1 |       ||     1
         Punch             |     1 |       ||     1
         Maw               |     6 |       ||     6
         Staff             |       |    73 ||    73
   Cast: Freeze            |    20 |    18 ||    38
         Frozen Ramparts   |    14 |    22 ||    36
         Ozocubu's Armour  |       |     6 ||     6
    Use: Scroll            |       |     7 ||     7
         Potion            |       |     4 ||     4
 Armour: Robe              |    42 |   108 ||   150
         Skin              |     8 |       ||     8
  Dodge: Dodged            |    56 |   100 ||   156
         Form:             |     1 |       ||     1
         Maw               |     1 |       ||     1

Table legend: (Time is in decaauts)
 A = Elapsed time spent in this place.
 B = Non-inter-level travel time spent in this place.
 C = Inter-level travel time spent in this place.
 D = Time resting spent in this place.
 E = Time spent auto-exploring this place.
 F = Levels seen in this place.
 G = Mean time per level.
                   A        B        C        D        E       F      G
               +--------+--------+--------+--------+--------+-----+--------+
         Total |   2610 |   2598 |     12 |    231 |   1087 |   5 |  522.0 |
       Dungeon |   2298 |   2286 |     12 |    102 |   1087 |   4 |  574.5 |
       Ossuary |    312 |    312 |      0 |    129 |      0 |   1 |  312.0 |
               +--------+--------+--------+--------+--------+-----+--------+

Top non-repeatable levels by time:
     D:1: 1077 daAuts
     D:2: 706 daAuts
     D:3: 356 daAuts
 Ossuary: 312 daAuts
     D:4: 158 daAuts
